 Dungeon Crawl Stone Soup version 0.20.1-2-g1830e616b0 (webtiles) character file.

3374 Pixllover the Cleaver (level 9, -7/79 HPs)
             Began as a Minotaur Berserker on June 27, 2019.
             Was an Elder of Trog.
             Mangled by an orc warrior
             ... wielding a +0 glaive
              (17 damage)
             ... on level 8 of the Dungeon.
             The game lasted 00:21:55 (6524 turns).

Pixllover the Cleaver (Minotaur Berserker)          Turns: 6524, Time: 00:21:55

Health: -7/79      AC: 13    Str: 26    XL:     9   Next: 74%
Magic:  8/8        EV: 13    Int:  4    God:    Trog [****..]
Gold:   305        SH:  0    Dex:  9    Spells: 8/8 levels left

rFire    . . .     SeeInvis .   j - +2 dire flail (protect)
rCold    . . .     Gourm    .   (shield currently unavailable)
rNeg     . . .     Faith    .   t - +0 ring mail
rPois    .         Spirit   .   (helmet restricted)
rElec    .         Reflect  .   v - +0 cloak
rCorr    .         Harm     .   (no gloves)
MR       .....                  (no boots)
Stlth    +.........             (no amulet)
Regen    0.3/turn               E - +5 ring of protection
MPRegen  0.2/turn               (no ring)

@: berserk cooldown, slowed, very slow
A: retaliatory headbutt, horns 2
a: Berserk, Trog's Hand, Brothers in Arms, Burn Spellbooks, Renounce Religion


You were on level 8 of the Dungeon.
You worshipped Trog.
Trog was greatly pleased with you.
You were hungry.

You visited 1 branch of the dungeon, and saw 8 of its levels.

You collected 458 gold pieces.
You spent 153 gold pieces at shops.

Inventory:

Hand Weapons
 a - a +0 hand axe
 j - a +2 dire flail of protection (weapon)
Missiles
 n - 2 tomahawks of returning (quivered)
 B - 3 javelins of returning
Armour
 e - a +1 leather armour of fire resistance
 t - a +0 ring mail (worn)
 v - a +0 cloak (worn)
Jewellery
 x - an uncursed amulet of magic regeneration
 E - a +5 ring of protection (left hand)
Wands
 C - a wand of lightning (7/15)
Scrolls
 b - 2 scrolls of enchant armour {unknown}
 g - 2 scrolls of blinking
 m - 4 scrolls of remove curse
 r - 4 scrolls of teleportation
 y - 2 scrolls of recharging {unknown}
 D - a scroll of immolation {unknown}
Potions
 c - a potion of flight {unknown}
 d - 3 potions of brilliance {unknown}
 h - 2 potions of lignification
 i - a potion of might {unknown}
 k - 2 potions of agility
 l - a potion of resistance {unknown}
 o - 2 potions of cancellation
 p - a potion of heal wounds
 q - 6 potions of curing
 u - a potion of haste {unknown}
 A - a potion of invisibility {unknown}
Comestibles
 f - 4 meat rations
 s - 3 royal jellies
 w - 6 bread rations
 z - 3 chunks of flesh


   Skills:
 + Level 7.5 Fighting
 + Level 9.2(10.4) Axes
 + Level 7.8(9.8) Maces & Flails
 + Level 7.5 Armour
 + Level 6.1 Dodging
 + Level 1.1 Stealth
   Level 1.4 Shields


You had 8 spell levels left.
You didn't know any spells.

Dungeon Overview and Level Annotations

Branches:
Dungeon (8/15)             Temple (0/1) D:7
   Lair: D:8-11

Altars:
Cheibriados
Elyvilon
Gozag
Ru
Vehumet
Zin

Shops:
D:5 ***


Innate Abilities, Weirdness & Mutations

You reflexively headbutt those who attack you in melee.
You have a pair of horns on your head.


Message History

Your unstable footing causes you to fumble your attack.
The orc closely misses you. You furiously retaliate!
You headbutt the orc. The orc warrior hits you with a glaive.
* * * LOW HITPOINT WARNING * * *
You barely miss the orc warrior.
The orc warrior is heavily wounded.
The orc closely misses you. You furiously retaliate!
You headbutt the orc. The orc warrior closely misses you.
Your unstable footing causes you to fumble your attack.
The orc jeers loudly, as Orcs often do.
The orc closely misses you.
The orc warrior hits you but does no damage.
You barely miss the orc warrior.
The orc warrior is heavily wounded.
The orc closely misses you. The orc warrior hits you with a glaive!
* * * LOW HITPOINT WARNING * * *
The orc closely misses you.
Your unstable footing causes you to fumble your attack.
The orc closely misses you. The orc warrior hits you with a glaive!
You die...

#######
...... ##
..... ..#
...####..#
....#...#
#o..#...##
#@###.....
#.o...# ..
....
#.....# ..
...#
###...# ..
...
#_....#
$##..
#.....##
#(..#
#≈###..#
... ...#
.#...#..#
...
######..#
......#..#
....


You could see an orc warrior and an orc.

Vanquished Creatures
  The ghost of spinkules the Grappler, a novice TrMo of Okawaru (D:8)
  Grinder (D:3)
  2 hippogriffs (D:7)
  Eustachio (D:5)
  Edmund (D:5)
  An orc warrior (D:7)
  A sky beast (D:6)
  2 ice beasts
  3 ogres
  3 centaurs
  2 bullfrogs
  A scorpion (D:4)
  3 wights (D:7)
  A centaur zombie (D:5)
  3 crimson imps
  A bullfrog zombie (D:7)
  2 orc priests (D:4)
  A bullfrog skeleton (D:4)
  3 hounds
  A jelly (D:7)
  2 iguanas
  Terence (D:3)
  3 orc wizards
  A worker ant (D:6)
  2 howler monkey skeletons (D:4)
  7 adders
  3 gnolls (D:3)
  A shadow imp (D:8)
  2 oozes (D:2)
  An adder skeleton (D:7)
  An adder zombie (D:4)
  5 worms
  A dart slug (D:1)
  4 leopard geckos
  9 orcs
  5 giant cockroaches
  11 hobgoblins
  12 jackals
  6 kobolds
  6 quokkas
  4 ball pythons
  A ball python skeleton (D:5)
  9 bats
  4 frilled lizards
  17 goblins
  A jackal skeleton (D:6)
  A leopard gecko skeleton (D:4)
  6 rats
  A plant (D:3)
161 creatures vanquished.

Notes
Turn   | Place    | Note
-------+----------+-------------------------------------------
     0 | D:1      | Pixllover the Minotaur Berserker began the quest for the Orb.
     0 | D:1      | Reached XP level 1. HP: 19/19 MP: 0/0
   214 | D:1      | Reached XP level 2. HP: 27/27 MP: 1/1
   281 | D:1      | Reached skill level 4 in Axes
   943 | D:2      | Reached XP level 3. HP: 33/33 MP: 2/2
  1082 | D:2      | Found a white marble altar of Elyvilon.
  1107 | D:2      | Reached ** piety under Trog
  1331 | D:2      | Reached XP level 4. HP: 37/41 MP: 3/3
  2316 | D:3      | Found a snail-covered altar of Cheibriados.
  2316 | D:3      | Found an opulent altar of Gozag.
  2320 | D:3      | Found a radiant altar of Vehumet.
  2383 | D:3      | Noticed Terence
  2392 | D:3      | Killed Terence
  2392 | D:3      | Reached skill level 5 in Axes
  2415 | D:3      | Found a glowing silver altar of Zin.
  2490 | D:3      | Reached XP level 5. HP: 46/47 MP: 4/4
  2721 | D:3      | Reached *** piety under Trog
  2755 | D:3      | Noticed an ice beast
  2788 | D:3      | Killed an ice beast
  2965 | D:3      | Found a faded altar of an unknown god.
  3138 | D:3      | Reached XP level 6. HP: 55/55 MP: 5/5
  3165 | D:3      | Noticed Grinder
  3168 | D:3      | Reached skill level 6 in Axes
  3186 | D:3      | Killed Grinder
  3186 | D:3      | Reached skill level 5 in Fighting
  3186 | D:3      | Reached skill level 7 in Axes
  3186 | D:3      | Reached XP level 7. HP: 20/61 MP: 6/6
  3977 | D:4      | Reached skill level 5 in Armour
  3979 | D:4      | Reached **** piety under Trog
  4367 | D:5      | Entered Level 5 of the Dungeon
  4392 | D:5      | Found Paifes's Assorted Antiques.
  4399 | D:5      | Found Gass's General Store.
  4419 | D:5      | Reached skill level 8 in Axes
  4419 | D:5      | Reached skill level 1 in Shields
  4419 | D:5      | Reached XP level 8. HP: 30/70 MP: 7/7
  4475 | D:5      | Bought a scroll labeled IGIODU CANING for 24 gold pieces
  4475 | D:5      | Bought a scroll labeled YNESYPADUM for 24 gold pieces
  4475 | D:5      | Bought a gluggy blue potion for 21 gold pieces
  4475 | D:5      | Bought a murky white potion for 21 gold pieces
  4475 | D:5      | Bought a scroll labeled YNESYPADUM for 24 gold pieces
  4475 | D:5      | Bought a scroll labeled JOZYPN ORASUY for 24 gold pieces
  4507 | D:5      | Noticed Eustachio
  4533 | D:5      | Noticed Edmund
  4551 | D:5      | Killed Eustachio
  4583 | D:5      | HP: 1/70 [Edmund/dire flail of protection (7)]
  4584 | D:5      | Killed Edmund
  4584 | D:5      | Reached skill level 5 in Dodging
  4966 | D:5      | Found Qimots's General Store.
  4972 | D:5      | Bought a potion of degeneration for 15 gold pieces
  5071 | D:6      | Reached skill level 1 in Maces & Flails
  5357 | D:6      | Found a white marble altar of Elyvilon.
  5397 | D:6      | Reached skill level 9 in Axes
  5498 | D:6      | Received a gift from Trog
  5653 | D:6      | Reached skill level 1 in Stealth
  5733 | D:7      | Found a staircase to the Ecumenical Temple.
  5919 | D:7      | Reached XP level 9. HP: 78/78 MP: 8/8
  6194 | D:7      | Reached skill level 5 in Maces & Flails
  6483 | D:8      | Found a sacrificial altar of Ru.
  6487 | D:8      | Noticed spinkules's ghost (novice TrMo)
  6503 | D:8      | Killed spinkules's ghost
  6524 | D:8      | Mangled by an orc warrior

Skill      XL: |  1  2  3  4  5  6  7  8  9 |
---------------+----------------------------+-----
Axes           | 4 5 7 8 9 |  9.2
Fighting       | 4 5 6 7 |  7.5
Dodging        | 3 4 5 6 |  6.1
Armour         | 3 4 5 7 |  7.5
Shields        | 1 |  1.4
Maces & Flails | 3 7 |  7.8
Stealth        | 1 |  1.1

Action                   |  1- 3 |  4- 6 |  7- 9 || total
-------------------------+-------+-------+-------++-------
Melee: Hand axe          |    97 |   172 |   122 ||   391
       Headbutt          |    18 |    38 |    49 ||   105
       Dire flail        |       |       |   130 ||   130
Invok: Burn Spellbooks   |       |     1 |     1 ||     2
       Berserk           |       |     1 |     2 ||     3
  Use: Scroll            |     2 |       |     7 ||     9
       Potion            |     2 |       |       ||     2
  Eat: Chunk             |     1 |     2 |    13 ||    16
       Bread ration      |       |     1 |       ||     1
Armor: Leather armour    |    10 |       |       ||    10
       Ring mail         |    18 |    39 |    72 ||   129
Dodge: Dodged            |    65 |    87 |   189 ||   341
Block: Buckler           |       |     1 |    20 ||    21
